 Dungeon Crawl Stone Soup version 0.31-a0-743-g45f7035092 (webtiles) character file.

Game seed: 15526780922936452746

2330 javelincjr the Covert (level 9, -2/51 HPs)
             Began as an Octopode Conjurer on Sept 12, 2023.
             Shot with a bolt by an orc warrior (10 damage)
             ... in a bailey.
             The game lasted 00:26:03 (7690 turns).

javelincjr the Covert (Octopode Conjurer)           Turns: 7690, Time: 00:26:03

Health: -2/51      AC:  1    Str: 13    XL:     9   Next: 42%
Magic:  11/18      EV: 14    Int: 24    God:
Gold:   151        SH:  0    Dex: 10    Spells: 17/20 levels left

rFire   . . .        o - +5 arbalest
rCold   . . .        (shield currently unavailable)
rNeg    . . .        (helmet restricted)
rPois   .            g - amulet of regeneration
rElec   .            d - +6 ring of strength
rCorr   .            n - ring of see invisible
SInv    +            (no ring)
Will    .....        (no ring)
Stlth   ++++++       (no ring)
HPRegen 1.08/turn    (no ring)
MPRegen 0.16/turn    (no ring)
                     (no ring)

%: no passive effects
@: no status effects
A: almost no armour, amphibious, 8 rings, camouflage 1, gelatinous body 1,
nimble swimmer 1, tentacles
a: no special abilities


You were in a bailey.
You visited 1 branch of the dungeon, and saw 6 of its levels.
You also visited: Bailey.

You collected 279 gold pieces.
You spent 128 gold pieces at shops.

Inventory:

Hand Weapons
 o - a +5 arbalest (weapon)
 q - a +1 dagger of freezing
Missiles
 b - 5 poisoned darts
 m - 4 javelins
 t - a throwing net
Jewellery
 d - a +6 ring of strength (left tentacle)
 g - an amulet of regeneration (around mantle)
 n - a ring of see invisible (right tentacle)
 s - an amulet of magic regeneration
 z - an amulet of reflection
Wands
 w - a wand of charming (12)
Scrolls
 c - 2 scrolls of torment
 h - 2 scrolls of teleportation
 l - a scroll of amnesia
 y - a scroll of summoning
 C - a scroll of fog {unknown}
 D - a scroll of enchant armour {unknown}
Potions
 a - a potion of magic
 e - a potion of heal wounds
 f - a potion of lignification {unknown}
 i - 2 potions of mutation
 j - 4 potions of curing
 k - 4 potions of brilliance
 r - 2 potions of might {unknown}
 u - 2 potions of enlightenment
 v - a potion of berserk rage {unknown}
 x - a potion of degeneration {unknown}


   Skills:
 + Level 5.9 Dodging
 + Level 8.5 Stealth
 * Level 6.4 Spellcasting
 * Level 7.7 Conjurations


You had 17 spell levels left.
You knew the following spells:

 Your Spells              Type           Power      Damage    Failure   Level
a - Magic Dart            Conj           100%       1d8       1%          1
b - Searing Ray           Conj           90%        2d7       1%          2

Your spell library contained the following spells:

 Spells                   Type           Power      Damage    Failure   Level
 Dazzling Flash           Conj/Hex       52%        N/A       4%          3
 Apportation              Tloc           14%        N/A       8%          1
 Necrotise                Necr           28%        1d5       8%          1
 Summon Small Mammal      Summ           28%        N/A       8%          1
 Scorch                   Fire           14%        2d5       12%         2
 Flame Wave               Conj/Fire      26%        2d8       16%         4
 Fulminant Prism          Conj/Hex       13%        3d8       16%         4
 Iskenderun's Mystic Bla  Conj/Tloc      26%        2d7       16%         4
 Summon Cactus Giant      Summ           3%         N/A       100%        6


Dungeon Overview and Level Annotations

Branches:
Dungeon (7/15)             Bailey (1/1)
 Temple: D:4-7

Altars:
Cheibriados
Wu Jian

Shops:
D:1 =   D:2 =   D:3 ([!*   D:4 (

Annotations:
D:5 2 runed translucent doors, Nick1's ghost, novice GnSh


Innate Abilities, Weirdness & Mutations

You cannot wear most types of armour.
You are amphibious.
You can wear up to eight rings at the same time.
Your skin changes colour to match your surroundings (Stealth+).
Your rubbery body absorbs attacks. (AC +1, EV +1)
You are camouflaged when in or above water. (Stealth+)
You have tentacles for arms and can constrict up to eight enemies at once.


Message History

The orc shoots a bolt.
The bolt misses you.
You enter the deep water.
An orc comes into view. It is wielding a +0 arbalest.
The orc shouts!
The orc moves out of view.
You shoot a bolt. The bolt hits the orc.
The orc is moderately wounded.
The orc shoots a bolt.
The bolt barely misses you.
The orc shoots a bolt.
The bolt misses you.
You shoot a bolt. The bolt completely misses the orc.
The orc shoots a bolt.
The bolt hits you!
The orc shoots a bolt.
The bolt misses you.
You shoot a bolt. The bolt barely misses the orc.
The orc shoots a bolt.
The bolt hits you!
The orc shoots a bolt.
The bolt misses you.
You are too injured to fight recklessly!
Casting: Searing Ray (safe; 1% risk of failure)
Confirm with . or Enter, or press ? or * to list all spells.
Aiming: Searing Ray (safe; 1% risk of failure)
Press: ? - help, Shift-Dir - straight line, f/p - orc
Aim: an orc, wielding a +0 arbalest and wearing a +0 ring mail (moderately wounded, 84% to hit)
The searing ray hits the orc.
The orc is severely wounded. (Press . to maintain the ray.)
The orc shoots a bolt.
The bolt misses you.
The searing ray hits the orc.
You kill the orc!
Casting: Searing Ray (safe; 1% risk of failure)
Confirm with . or Enter, or press ? or * to list all spells.
Restarting spell: Searing Ray (safe; 1% risk of failure)
Press: ? - help, Shift-Dir - straight line, f - orc warrior
Aim: an orc warrior, wielding a +0 arbalest and wearing a +0 scale mail (77% to hit)
The searing ray hits the orc warrior.
The orc warrior is lightly wounded. (Press . to maintain the ray.)
The orc warrior shoots a bolt.
The bolt hits you!
* * * LOW HITPOINT WARNING * * *
The searing ray hits the orc warrior.
The orc warrior is moderately wounded.
The orc warrior shoots a bolt.
The bolt hits you!
You die...

..##+++#..##
..##.....##........
..##....##...≈≈≈.≈≈ .
..#######....≈##.# ..
.............≈#∩.## ...
............o.o... ....
............o≈##.# ≈....
.............≈≈###≈≈....
..............≈≈@≈≈.....
........................
........................
........................
........................
########################


You could see an orc warrior and an orc.

Vanquished Creatures
  A two-headed ogre (D:5)
  A wraith (D:5)
  Menkaure (D:5)
  An ice beast (D:5)
  4 orc warriors (Bailey)
  An ogre (D:5)
  2 scorpions
  2 wights (D:7)
  3 jellies (D:5)
  2 orc priests
  A gnoll bouda (D:5)
  2 hounds
  A sleepcap (D:5)
  6 iguanas
  9 orc wizards
  9 gnolls
  7 adders
  A white imp (D:5)
  An ufetubus (D:4)
  3 worms (D:2)
  A dart slug (D:1)
  40 orcs
  6 ball pythons
  12 endoplasms
  2 giant cockroaches
  13 hobgoblins
  7 jackals
  7 kobolds
  4 quokkas
  3 training dummies (D:4)
  11 bats
  2 frilled lizards (D:1)
  12 goblins
  5 rats (D:1)
183 creatures vanquished.

Notes
Turn   | Place    | Note
-------+----------+-------------------------------------------
     0 | D:1      | javelincjr the Octopode Conjurer began the quest for the
                  | Orb.
     0 | D:1      | Reached XP level 1. HP: 11/11 MP: 3/3
   109 | D:1      | Reached skill level 3 in Stealth
   109 | D:1      | Reached XP level 2. HP: 17/17 MP: 0/5
   651 | D:1      | Reached XP level 3. HP: 21/21 MP: 3/6
   844 | D:1      | Learned a level 2 spell: Searing Ray
   951 | D:1      | Found Noimi's One-of-a-Kind Rings.
  1413 | D:2      | Identified the +0 scale mail "Direco" {rCorr MP+9}
  1730 | D:2      | Reached XP level 4. HP: 27/27 MP: 3/7
  1813 | D:2      | Found Ruteno's Jewellery Shop.
  2676 | D:3      | Found Nah Qoga's Armour Emporium.
  2743 | D:3      | Reached skill level 4 in Stealth
  2850 | D:3      | Found Sig Raje's Distillery.
  2857 | D:3      | Bought a potion of curing for 39 gold pieces
  2857 | D:3      | Bought a potion of heal wounds for 65 gold pieces
  2999 | D:3      | Found Bodex's Assorted Antiques.
  3004 | D:3      | Bought a grey potion for 24 gold pieces
  3178 | D:3      | Reached XP level 5. HP: 31/31 MP: 1/9
  3476 | D:3      | Found Vuaf's Weapon Shoppe.
  3883 | D:4      | Found Lez Golla's Firing Range.
  3937 | D:4      | Reached XP level 6. HP: 36/36 MP: 8/10
  3965 | D:4      | Reached skill level 5 in Stealth
  4119 | D:4      | Reached skill level 5 in Conjurations
  4207 | D:4      | Found a snail-covered altar of Cheibriados.
  4674 | D:4      | Reached XP level 7. HP: 41/41 MP: 6/12
  5080 | D:5      | Entered Level 5 of the Dungeon
  5117 | D:4      | Reached skill level 6 in Stealth
  5535 | D:5      | Found a large runed translucent door.
  5535 | D:5      | Found a large runed translucent door.
  5536 | D:5      | Noticed Nick1's ghost (novice GnSh)
  6009 | D:5      | Reached XP level 8. HP: 22/46 MP: 7/14
  6132 | D:5      | Found an ornate altar of the Wu Jian Council.
  6231 | D:5      | Noticed Menkaure
  6231 | D:5      | Noticed a two-headed ogre
  6248 | D:5      | Reached skill level 7 in Stealth
  6253 | D:5      | Killed a two-headed ogre
  6254 | D:5      | Reached skill level 5 in Dodging
  6254 | D:5      | Reached skill level 5 in Spellcasting
  6254 | D:5      | Killed Menkaure
  6350 | D:5      | Noticed a wraith
  6362 | D:5      | Killed a wraith
  6548 | D:5      | Reached XP level 9. HP: 51/51 MP: 11/17
  6787 | D:5      | You fall into a shaft and drop 2 floors!
  6870 | D:7      | Reached skill level 8 in Stealth
  7026 | D:7      | Found a flagged portal.
  7033 | Bailey   | Entered a bailey
  7260 | Bailey   | HP: 1/51 [orc warrior/bolt (9)]
  7690 | Bailey   | Shot with a bolt by an orc warrior

Illustrated notes

Levels and vault maps discovered:
D:1:      elethiomel_arrival_quiet, layout_loops_ring,
          nicolae_shop_unique_rings, minmay_misc_feat_nine_boxes,
          chequers_serial_rivers_micro_d
D:2:      layout_basic, serial_shops, nicolae_shop_statue_plus
D:3:      layout_basic, serial_shops, shop, nicolae_shop_bloodbath_and_beyond,
          shop, nicolae_shop_advertising_works [nicolae_subvault_shop_adworks]
D:4:      layout_loops_ring, mainiacjoe_overflow_24_doors,
          nicolae_shop_firing_range
D:5:      layout_layer_cave, nicolae_wu_jian_immortal_techniques,
          ebering_ghost_disaster_area, kennysheep_donut,
          hangedman_abyss_or_decor_slice, dk_noncrumbling_3, minivault_4,
          hex_tiny, uniq_menkaure
D:7:      layout_loops_corners, nicolae_overflow_hidden_temple, bloody_trog,
          minmay_temple_entry_stoned_glass, enter_bailey_4
Bailey:   bailey_polearm_2, bailey

Skill      XL: |  1  2  3  4  5  6  7  8  9 |
---------------+----------------------------+-----
Stealth        | 3 4 5 6 7 8 |  8.5
Dodging        | 3 4 5 |  5.9
Spellcasting   | 3 4 5 6 |  6.4
Conjurations   | 5 6 7 |  7.7

Action                     |  1- 3 |  4- 6 |  7- 9 || total
---------------------------+-------+-------+-------++-------
  Melee: Unarmed           |     4 |     6 |       ||    10
         Tentacles         |     2 |     7 |    11 ||    20
         Constrict         |       |     9 |     3 ||    12
         Dagger            |       |    28 |    24 ||    52
         Punch             |       |     1 |       ||     1
   Fire: Arbalest          |       |       |    14 ||    14
   Cast: Magic Dart        |    87 |   115 |    77 ||   279
         Searing Ray       |       |    11 |    44 ||    55
    Use: Scroll            |       |       |    12 ||    12
         Potion            |       |       |     1 ||     1
   Stab: Sleeping          |       |       |     1 ||     1
 Armour: Skin              |     2 |    23 |    58 ||    83
  Dodge: Dodged            |    10 |    33 |    78 ||   121

Table legend: (Time is in decaauts)
 A = Elapsed time spent in this place.
 B = Non-inter-level travel time spent in this place.
 C = Inter-level travel time spent in this place.
 D = Time resting spent in this place.
 E = Time spent auto-exploring this place.
 F = Levels seen in this place.
 G = Mean time per level.
                   A        B        C        D        E       F      G
               +--------+--------+--------+--------+--------+-----+--------+
         Total |   7716 |   7569 |    147 |    813 |   5396 |   7 | 1102.3 |
       Dungeon |   7047 |   6900 |    147 |    569 |   5319 |   6 | 1174.5 |
        Bailey |    668 |    668 |      0 |    244 |     77 |   1 |  668.0 |
               +--------+--------+--------+--------+--------+-----+--------+

Top non-repeatable levels by time:
     D:5: 1623 daAuts
     D:4: 1419 daAuts
     D:1: 1368 daAuts
     D:3: 1271 daAuts
     D:2: 1118 daAuts
  Bailey: 668 daAuts
     D:7: 245 daAuts
